 Dungeon Crawl Stone Soup version 0.29-a0-1043-g569b05d6ff (webtiles) character file.

Game seed: 14222990606602395719

39960 tatocazan the Cleaver (level 13, -15/108 HPs)
             Began as a Demonspawn Fighter on Aug 16, 2022.
             Was a Priest of Makhleb.
             Demolished by a titanic slime creature (72 damage)
             ... on level 13 of the Dungeon.
             The game lasted 00:31:32 (21669 turns).

tatocazan the Cleaver (Demonspawn Fighter)         Turns: 21669, Time: 00:31:33

Health: -15/108    AC: 36    Str: 33    XL:     13   Next: 72%
Magic:  22/22      EV: 14    Int:  9    God:    Makhleb [***...]
Gold:   624        SH: 10    Dex: 14    Spells: 12/12 levels left

rFire   . . .      SeeInvis .   L - +10 hand axe "Tohakk" {pain, Str+7}
rCold   . . .      Faith    .   c - +0 buckler
rNeg    + . .      Spirit   .   K - +0 plate armour
rPois   +          Reflect  .   (helmet restricted)
rElec   .          Harm     .   j - +2 ratskin cloak {*Rats rPois rN+ Str-1 Int-1 Dex+1}
rCorr   .          Rampage  .   r - +1 pair of gloves
Will    .....                   o - +0 pair of boots
Stlth   ..........              F - amulet of the acrobat
HPRegen 0.28/turn               n - +6 ring of strength
MPRegen 0.18/turn               d - +4 ring of protection

@: mighty, agile
A: antennae 1, molten scales 2, icemail 2, powered by pain 1, condensation
shield
a: Renounce Religion, Minor Destruction, Lesser Servant of Makhleb


You were on level 13 of the Dungeon.
You worshipped Makhleb.
Makhleb was most pleased with you.
You visited 4 branches of the dungeon, and saw 19 of its levels.
You also visited: Sewer and Bailey.

You collected 908 gold pieces.
You spent 284 gold pieces at shops.

Inventory:

Hand Weapons
 a - a +1 war axe of freezing
 L - the +10 hand axe "Tohakk" (weapon) {pain, Str+7}
   (You found it in a sewer)

   In the hands of one skilled in necromantic magic, it inflicts extra damage on
   living creatures.
   Str:       It affects your strength (+7).
 N - a +5 hand crossbow of flaming
 Q - a +0 broad axe
 R - a +3 executioner's axe of freezing
Missiles
 y - 3 atropa-tipped darts (quivered)
Armour
 c - a +0 buckler (worn)
 j - the +2 ratskin cloak (worn) {*Rats rPois rN+ Str-1 Int-1 Dex+1}
   (You found it on level 2 of the Dungeon)

   When the wearer is hurt, rats may emerge from it to assist them.
   Str:       It affects your strength (-1).
   Int:       It affects your intelligence (-1).
   Dex:       It affects your dexterity (+1).
   rPois:     It protects you from poison.
   rN:        It protects you from negative energy.
 o - a +0 pair of boots (worn)
 r - a +1 pair of gloves (worn)
 K - a +0 plate armour (worn)
Jewellery
 b - a ring of poison resistance
 d - a +4 ring of protection (right hand)
 e - a ring of protection from cold
 f - a ring of willpower
 g - a ring of positive energy
 n - a +6 ring of strength (left hand)
 t - an amulet of magic regeneration
 C - a ring of see invisible
 E - a ring of flight
 F - an amulet of the acrobat (around neck)
 T - a ring of willpower
Wands
 x - a wand of roots (1)
 A - a wand of light (1)
 J - a wand of flame (34)
Scrolls
 h - 4 scrolls of enchant weapon
 k - 2 scrolls of teleportation
 l - 3 scrolls of identify
 q - 8 scrolls of fog
 w - 2 scrolls of enchant armour
 B - 3 scrolls of amnesia
 I - a scroll of magic mapping
 O - 2 scrolls of silence
 S - a scroll of fear
Potions
 i - 4 potions of magic
 m - 8 potions of curing
 p - 4 potions of flight
 s - a potion of lignification {unknown}
 u - 3 potions of resistance
 v - a potion of attraction {unknown}
 z - a potion of ambrosia {unknown}
 D - 2 potions of brilliance
 G - a potion of haste
 H - 4 potions of might
 M - 4 potions of mutation
 P - 3 potions of heal wounds


   Skills:
 + Level 12.0 Fighting
 * Level 12.3 Axes
 + Level 9.4 Armour
 + Level 3.8 Dodging
 - Level 7.7 Shields
 + Level 12.1 Invocations


You had 12 spell levels left.
You didn't know any spells.
Your spell library contained the following spells:

 Spells                   Type           Power      Damage    Failure   Level
 Magic Dart               Conj           0%         1d3       97%         1
 Necrotise                Necr           0%         1d4       97%         1
 Call Imp                 Summ           0%         N/A       99%         2
 Scorch                   Fire           0%         2d5       99%         2
 Call Canine Familiar     Summ           0%         N/A       100%        3
 Confusing Touch          Hex            0%         N/A       100%        3
 Conjure Flame            Conj/Fire      0%         6-21      100%        3
 Gell's Gravitas          Tloc           0%         N/A       100%        3
 Ignite Poison            Fire/Tmut/Pois 0%         N/A       100%        3
 Mephitic Cloud           Conj/Pois/Air  0%         N/A       100%        3
 Portal Projectile        Hex/Tloc       0%         N/A       100%        3
 Teleport Other           Tloc           0%         N/A       100%        3
 Vampiric Draining        Necr           0%         2d6       100%        3
 Flame Wave               Conj/Fire      0%         2d4       100%        4
 Hailstorm                Conj/Ice       0%         3d3       100%        4
 Ice Form                 Ice/Tmut       0%         N/A       100%        4
 Leda's Liquefaction      Hex/Erth       0%         N/A       100%        4
 Sticky Flame             Conj/Fire      0%         2d3       100%        4
 Agony                    Necr           0%         N/A       100%        5
 Freezing Cloud           Conj/Ice/Air   0%         6-21      100%        5
 Summon Forest            Summ/Tloc      0%         N/A       100%        5
 Yara's Violent Unravell  Hex/Tmut       0%         3d3       100%        5
 Dispersal                Tloc           0%         N/A       100%        6
 Eringya's Noxious Bog    Tmut/Pois      0%         N/A       100%        6
 Simulacrum               Ice/Necr       0%         N/A       100%        6
 Summon Cactus Giant      Summ           0%         N/A       100%        6
 Enfeeble                 Hex            0%         N/A       100%        7
 Summon Hydra             Summ           0%         N/A       100%        7


Dungeon Overview and Level Annotations

Branches:
Dungeon (15/15)            Temple (1/1) D:6            Lair (2/5) D:9
    Orc (1/2) D:9           Sewer (visited)          Bailey (visited)
  Swamp: Lair:2-3    Shoals: Lair:2-3     Snake: Lair:2-3    Spider: Lair:2-3
 Vaults: D:13-14     Depths: D:15

Altars:
Ashenzari
Cheibriados
Dithmenos
Fedhas
Gozag
Hepliaklqana
Kikubaaqudgha
Makhleb
Nemelex Xobeh
Okawaru
Qazlal
Ru
Sif Muna
Trog
Uskayaw
Vehumet
Wu Jian
Xom
Yredelemnul

Shops:
D:9 *   D:12 !(!=   D:13 [

Annotations:
D:7 1 runed translucent door, Crazy Yiuf
D:10 3 runed translucent doors, Tollund's ghost, journeyman HuCj
Lair:1 3 runed translucent doors, Adrian566's ghost, novice DsFi


Innate Abilities, Weirdness & Mutations

You have a pair of small antennae on your head.
You are mostly covered in molten scales. (AC +3)
A meltable icy envelope protects you from harm. (AC +8)
You sometimes gain a little power by taking damage.
A meltable shield of frost defends you. (SH +4)


Message History

You slice the titanic slime creature!!
The titanic slime creature is severely wounded.
You block the titanic slime creature's attack.
You slice the titanic slime creature!!
The titanic slime creature is severely wounded.
Your river rat bites the titanic slime creature.
You slash the titanic slime creature!
The titanic slime creature is severely wounded.
The titanic slime creature hits you!!!
You focus on the pain.
You feel very mighty all of a sudden.
Your river rat bites the titanic slime creature!
You are too injured to fight recklessly!
You are too injured to fight recklessly!
You are too injured to fight recklessly!
You are too injured to fight recklessly!
You are too injured to fight recklessly!
You are too injured to fight recklessly!
You are too injured to fight recklessly!
You are too injured to fight recklessly!
You are too injured to fight recklessly!
You take 40 damage, and have 56/108 hp.
MASSIVE DAMAGE!!
You are too injured to fight recklessly!
You are too injured to fight recklessly!
You are too injured to fight recklessly!
You are too injured to fight recklessly!
You slash the titanic slime creature!
The titanic slime creature is almost dead.
The titanic slime creature hits you but does no damage.
You slash the titanic slime creature!
The titanic slime creature is almost dead.
Your river rat bites the titanic slime creature but does no damage.
You slash the titanic slime creature!
The titanic slime creature is almost dead.
The titanic slime creature closely misses you.
Your river rat bites the titanic slime creature.
You completely miss the titanic slime creature.
The titanic slime creature is almost dead.
The titanic slime creature hits you!!!!
Ouch! That really hurt!
You die...

.....#########
.....##.......
........###
.....##...####
.....####....## #
.......#####..# .#
...........)#.#### ..#
.....##.........r#...#
.....##########.@JC..#
.....## #.##...#
......#### #.. ..#
.......... .... .#
#.....### ###..= #
#.....# .#.. #.....#
.##.. #....(### #.#
#.# #.......########.#


You could see a titanic slime creature (ally target), a cyclops and a friendly
river rat.

Vanquished Creatures
  2 boulder beetles
  Erolcha (D:12)
  4 centaur warriors
  3 two-headed ogres
  Sonja (D:9)
  4 skeletal warriors
  An orc knight (Bailey)
  2 deep elf pyromancers
  A manticore (D:13)
  3 cyclopes
  2 cane toads (Lair:1)
  Joseph (D:9)
  A gargoyle (D:14)
  An unseen horror (D:7)
  A rime drake (Lair:2)
  2 komodo dragons
  3 trolls
  Prince Ribbit (D:7)
  2 meliai (D:13)
  A hornet (D:8)
  A slime creature (D:13)
  2 shadows
  2 vampires
  A wraith (D:13)
  2 wyverns (D:9)
  5 water elementals
  29 yaks
  2 basilisks
  4 vampire mosquitoes
  2 wargs (D:9)
  2 water moccasins
  2 acid dragons
  4 ice beasts
  15 orc warriors
  4 black bears
  3 ogres
  2 centaurs
  6 wolves (Lair:1)
  A phantom (D:5)
  3 bullfrogs
  A kobold brigand (D:7)
  2 scorpions
  18 wights
  9 killer bees (D:9)
  4 electric eels
  2 jellies (D:5)
  3 howler monkeys (D:12)
  2 gnoll boudas
  3 hounds
  15 orc priests
  3 iguanas
  Ijyb (D:4)
  14 orc wizards
  Robin (D:3)
  15 gnolls
  14 adders
  5 river rats (Sewer)
  A shadow imp (D:4)
  3 white imps (D:7)
  3 ufetubi
  A worm (D:4)
  2 dart slugs
  51 orcs
  16 ball pythons
  4 bats
  5 endoplasms
  3 giant cockroaches
  14 goblins
  7 hobgoblins
  3 jackals (D:1)
  4 kobolds
  2 quokkas
  4 frilled lizards
  32 rats
396 creatures vanquished.

Vanquished Creatures (collateral kills)
  A centaur warrior (D:15)
  A skeletal warrior (D:9)
  A meliai (D:13)
  A hornet (D:5)
  A yak (D:9)
  A water moccasin (D:6)
  An orc warrior (D:9)
  A black bear (D:3)
  2 ogres
  A wight (D:8)
  A jelly (D:6)
  A gnoll bouda (D:6)
  2 gnolls (D:6)
  A bat (D:3)
  2 goblins (D:3)
18 creatures vanquished.

Vanquished Creatures (others)
  3 fungi (Lair:1)
  2 plants
5 creatures vanquished.

Grand Total: 419 creatures vanquished

Notes
Turn   | Place    | Note
-------+----------+-------------------------------------------
     0 | D:1      | tatocazan the Demonspawn Fighter began the quest for the
                  | Orb.
     0 | D:1      | Reached XP level 1. HP: 18/18 MP: 1/1
    76 | D:1      | Found a faded altar of an unknown god.
   471 | D:1      | Gained mutation: You are partially covered in molten
                  | scales. (AC +2) [demonic ancestry]
   471 | D:1      | Reached XP level 2. HP: 24/24 MP: 2/2
   798 | D:1      | Reached XP level 3. HP: 29/29 MP: 3/3
  1435 | D:2      | Found the +2 ratskin cloak {*Rats rPois rN+ Str-1 Int-1
                  | Dex+1}
  1938 | D:3      | Reached XP level 4. HP: 33/35 MP: 4/4
  2078 | D:3      | Noticed Robin
  2101 | D:3      | Killed Robin
  2868 | D:4      | Noticed an ogre
  3039 | D:4      | Noticed a black bear
  3045 | D:3      | Killed a black bear
  3046 | D:3      | Gained mutation: A meltable shield of frost defends you.
                  | (SH +4) [demonic ancestry]
  3046 | D:3      | Reached XP level 5. HP: 40/42 MP: 5/5
  3152 | D:4      | Killed an ogre
  3153 | D:4      | Gained mutation: A meltable icy envelope protects you from
                  | harm. (AC +8) [demonic ancestry]
  3153 | D:4      | Reached XP level 6. HP: 14/48 MP: 6/6
  3795 | D:4      | Noticed Ijyb
  3817 | D:4      | Killed Ijyb
  4170 | D:4      | Found a shimmering altar of Xom.
  4170 | D:4      | Found an opulent altar of Gozag.
  4171 | D:4      | Found a sacrificial altar of Ru.
  4422 | D:5      | Entered Level 5 of the Dungeon
  4536 | D:5      | Found a sparkling altar of Nemelex Xobeh.
  4614 | D:5      | Gained mutation: You sometimes gain a little power by
                  | taking damage. [demonic ancestry]
  4614 | D:5      | Reached XP level 7. HP: 54/55 MP: 7/7
  4884 | D:5      | Noticed a hornet
  4899 | D:5      | Killed a hornet
  4900 | D:5      | Reached skill level 5 in Axes
  5371 | D:5      | Reached skill level 5 in Fighting
  6026 | D:6      | Gained mutation: A meltable icy envelope protects you from
                  | harm. (AC +8) [demonic ancestry]
  6026 | D:6      | Reached XP level 8. HP: 29/62 MP: 8/8
  6338 | D:6      | Found a bloodstained altar of Trog.
  6428 | D:6      | Reached skill level 5 in Armour
  6428 | D:6      | Reached skill level 5 in Shields
  6505 | D:6      | Found a staircase to the Ecumenical Temple.
  6651 | D:6      | Found a glowing drain.
  6655 | Sewer    | Entered a sewer
  6841 | Sewer    | Identified the +10 hand axe "Tohakk" {pain, Str+7}
  7682 | D:7      | Noticed Prince Ribbit
  7696 | D:7      | Identified the +1 chain mail of Stoicism {rF+}
  7699 | D:7      | Killed Prince Ribbit
  7700 | D:7      | Reached XP level 9. HP: 55/69 MP: 9/9
  7930 | D:7      | Found a runed translucent door.
  7931 | D:7      | Noticed Crazy Yiuf
  8212 | D:7      | Killed an unseen horror
  8508 | D:7      | Identified the +8 dagger of Dullness {freeze, Str+5}
  9066 | D:8      | Gained mutation: You have a pair of small antennae on your
                  | head. [demonic ancestry]
  9066 | D:8      | Reached XP level 10. HP: 77/79 MP: 10/10
  9442 | D:9      | Noticed a skeletal warrior
  9442 | D:9      | Noticed a skeletal warrior
  9442 | D:9      | Noticed a skeletal warrior
  9442 | D:9      | Noticed a skeletal warrior
  9442 | D:9      | Noticed a skeletal warrior
  9606 | D:9      | Found a staircase to the Orcish Mines.
  9617 | D:9      | Found a flagged portal.
  9642 | Bailey   | Entered a bailey
 10626 | Bailey   | Reached skill level 10 in Axes
 10634 | Bailey   | Noticed an orc knight
 10649 | Bailey   | Killed an orc knight
 10650 | Bailey   | Reached XP level 11. HP: 43/86 MP: 11/11
 11447 | Temple   | Entered the Ecumenical Temple
 11458 | Temple   | Became a worshipper of Makhleb the Destroyer
 11542 | D:8      | Killed a skeletal warrior
 11543 | D:8      | Reached skill level 1 in Invocations
 11763 | Orc:1    | Entered Level 1 of the Orcish Mines
 11764 | Orc:1    | Noticed an orc warlord
 12041 | D:9      | Reached skill level 10 in Fighting
 12041 | D:9      | Reached XP level 12. HP: 99/99 MP: 12/18
 12110 | Orc:1    | Noticed Sonja
 12119 | Orc:1    | HP: 3/99 [orc warlord/+1 halberd (28)]
 12357 | D:9      | Noticed Joseph
 13015 | D:9      | Killed Joseph
 13338 | D:9      | Found Kettel's Fire Supplies.
 13668 | D:9      | Found a staircase to the Lair.
 13721 | D:9      | Reached * piety under Makhleb
 14061 | Lair:1   | Entered Level 1 of the Lair of Beasts
 14109 | Lair:1   | Reached skill level 10 in Invocations
 14404 | Lair:1   | Identified the +5 ring mail of Muguihipn {Will+ Int+6}
 15046 | Lair:1   | Found a runed translucent gate.
 15047 | Lair:1   | Found a runed translucent gate.
 15048 | Lair:1   | Found a runed translucent gate.
 15050 | Lair:1   | Noticed Adrian566's ghost (novice DsFi)
 15390 | Lair:2   | Noticed a four-headed hydra
 15916 | D:9      | Killed Sonja
 16346 | D:10     | Entered Level 10 of the Dungeon
 16364 | D:10     | Noticed a centaur warrior
 16365 | D:10     | Found a runed translucent gate.
 16365 | D:10     | Found a runed translucent gate.
 16365 | D:10     | Noticed Tollund's ghost (journeyman HuCj)
 16366 | D:10     | Found a runed translucent gate.
 16367 | D:10     | Noticed a two-headed ogre
 16557 | D:10     | Reached skill level 1 in Dodging
 16598 | D:10     | Noticed a two-headed ogre
 16609 | D:10     | Killed a two-headed ogre
 16814 | D:10     | Noticed a two-headed ogre
 16823 | D:10     | Killed a two-headed ogre
 16824 | D:10     | Gained mutation: You are mostly covered in molten scales.
                  | (AC +3) [demonic ancestry]
 16824 | D:10     | Reached XP level 13. HP: 106/106 MP: 21/21
 17016 | D:10     | Reached ** piety under Makhleb
 19003 | D:12     | Found Kitotoh's Distillery.
 19023 | D:12     | Bought a potion of might for 44 gold pieces
 19076 | D:12     | Identified the +7 ring mail of the Eight Boll Weevils {rC+}
 19218 | D:12     | Noticed Erolcha
 19235 | D:12     | Killed Erolcha
 19447 | D:12     | Found Jiuttent's Distillery.
 19454 | D:12     | Bought a potion of heal wounds for 65 gold pieces
 19531 | D:12     | Found Qoipuar's Jewellery Shoppe.
 19550 | D:12     | Found Ojeutehi's Antique Weapon Shoppe.
 19635 | D:12     | Bought a glowing hand crossbow for 175 gold pieces
 19917 | D:13     | You fall into a shaft and drop 2 floors!
 19917 | D:15     | Entered Level 15 of the Dungeon
 20839 | D:13     | Reached *** piety under Makhleb
 20973 | D:13     | Found Weocufa's Armour Boutique.
 21669 | D:13     | Demolished by a titanic slime creature

Illustrated notes

Levels and vault maps discovered:
D:1:      tarquinn_simple_flora_water_a, layout_basic,
          shapermc_ecumenical_altar_flowoftime, st_stairs_14,
          corexii_corridor_pit, minmay_splitting_lines, hex_large,
          grunt_decor_clamped
D:2:      layout_loops_ring, item_on_display_b
D:3:      layout_rooms, chequers_big_river, uniq_robin
D:4:      layout_basic, gammafunk_temple_overflow_claw, uniq_ijyb
D:5:      layout_basic, mainiacjoe_overflow_brackets, serial_co_window_serial,
          co_window_corner_a, co_window_paths_a, co_window_of_opportunity_a,
          co_window_corner_a, co_window_paths_a, co_window_cross_1,
          co_window_corner_a, co_window_2corner, co_window_of_opportunity_c,
          co_window_corner_cb, glass_columns_a, glass_columns_a,
          glass_columns_c, hangedman_abyss_or_decor_slice
D:6:      layout_rooms, kennysheep_mini, minmay_temple_entry_enclosed_plants,
          gup_sewer_entry_bowl
D:7:      hangedman_cross_stitches, layout_cave_pools, uniq_crazy_yiuf_cottage,
          uniq_prince_ribbit1
D:8:      layout_cave_pools, minmay_misc_feat_enclosed
D:9:      layout_basic, david_lair_generic, orc_0_dummy, enter_bailey_2,
          nicolae_shop_fire_sale [nicolae_sub_dead_trees], grunt_ministairs_2,
          uniq_joseph
D:10:     layout_loops_ring, gammafunk_ghost_split, serial_rivers,
          chequers_serial_rivers_micro_e, chequers_serial_rivers_micro_a,
          chequers_serial_rivers_marsh, chequers_serial_rivers_room_b,
          chequers_serial_rivers_micro_e
D:11:     layout_basic
D:12:     layout_roguey, serial_shops, shop, shop_coins,
          nicolae_shop_behind_doors, nicolae_stop_n_shop_2,
          nicolae_underground_beach, uniq_erolcha
D:13:     layout_rooms, grunt_vaults_entry_tiered, serial_shops,
          nicolae_shop_hallway_plus
D:14:     layout_stronghold
D:15:     grunt_enter_depths_giant_problem, layout_irregular_city,
          palyth_stone_intersect
Temple:   sentei_temple_godly_chess
Lair:1:   layout_cave_pods, gammafunk_ghost_necromancy,
          nicolae_quartered_pool_medium
Lair:2:   layout_big_grid, minmay_shoals_entry_beasts
Orc:1:    layout_caves, serial_shops, uniq_sonja

Skill      XL: |  1  2  3  4  5  6  7  8  9 10 11 12 13 |
---------------+----------------------------------------+-----
Axes           | 2 3 4 5 7 8 10 11 12 | 12.3
Armour         | 3 4 5 6 7 8 9 |  9.4
Shields        | 3 4 5 6 7 |  7.7
Fighting       | 4 5 6 7 8 10 11 12 | 12.0
Invocations    | 8 11 12 | 12.1
Dodging        | 1 3 |  3.8

Action                   |  1- 3 |  4- 6 |  7- 9 | 10-12 | 13-15 || total
-------------------------+-------+-------+-------+-------+-------++-------
Melee: War axe           |   109 |   126 |   178 |       |       ||   413
       Hand axe          |       |       |   134 |   537 |   296 ||   967
Throw: Dart              |       |     3 |     2 |       |     7 ||    12
       Throwing net      |       |       |       |       |     4 ||     4
Invok: Lesser Servant of |       |       |       |       |     2 ||     2
Evoke: Wand              |       |       |       |     3 |     1 ||     4
  Use: Potion            |       |     1 |     2 |     8 |     4 ||    15
       Scroll            |       |       |    17 |    10 |     3 ||    30
 Stab: Invisible         |       |       |       |     3 |       ||     3
       Fleeing           |       |       |       |     1 |       ||     1
Armor: Scale mail        |    72 |    86 |   241 |    65 |       ||   464
       Plate armour      |       |       |       |   247 |   212 ||   459
Dodge: Dodged            |    53 |    49 |   180 |   219 |   144 ||   645
Block: Buckler           |    25 |    49 |   225 |   270 |   138 ||   707

Table legend: (Time is in decaauts)
 A = Elapsed time spent in this place.
 B = Non-inter-level travel time spent in this place.
 C = Inter-level travel time spent in this place.
 D = Time resting spent in this place.
 E = Time spent auto-exploring this place.
 F = Levels seen in this place.
 G = Mean time per level.
                   A        B        C        D        E       F      G
               +--------+--------+--------+--------+--------+-----+--------+
         Total |  21708 |  20976 |    732 |   7691 |  10149 |  21 | 1033.7 |
       Dungeon |  18309 |  17660 |    649 |   6497 |   8555 |  15 | 1220.6 |
        Temple |     20 |     12 |      8 |      0 |      2 |   1 |   20.0 |
          Lair |   1736 |   1661 |     75 |    608 |    942 |   2 |  868.0 |
  Orcish Mines |     31 |     31 |      0 |      0 |      0 |   1 |   31.0 |
         Sewer |    386 |    386 |      0 |      0 |    183 |   1 |  386.0 |
        Bailey |   1223 |   1223 |      0 |    586 |    465 |   1 | 1223.0 |
               +--------+--------+--------+--------+--------+-----+--------+

Top non-repeatable levels by time:
     D:9: 2554 daAuts
     D:5: 1851 daAuts
     D:8: 1837 daAuts
  Lair:1: 1719 daAuts
    D:11: 1534 daAuts
     D:4: 1432 daAuts
     D:6: 1383 daAuts
     D:1: 1230 daAuts
  Bailey: 1223 daAuts
    D:12: 990 daAuts
    D:10: 984 daAuts
     D:2: 966 daAuts
     D:7: 930 daAuts
    D:13: 912 daAuts
     D:3: 880 daAuts
